 Dungeon Crawl Stone Soup version 0.21.1-1-g345015f (webtiles) character file.

1185 inc the Magician (level 8, -8/46 HPs)
             Began as an Octopode Ice Elementalist on June 11, 2018.
             Was an Initiate of Gozag.
             Mangled by an ice beast (13 damage)
             ... on level 8 of the Dungeon.
             The game lasted 00:10:19 (5436 turns).

inc the Magician (Octopode Ice Elementalist)        Turns: 5436, Time: 00:10:20

Health: -8/46      AC:  7    Str:  7      XL:     8   Next: 42%
Magic:  14/18      EV: 13    Int: 20      God:    Gozag
Gold:   488        SH:  0    Dex:  9 (12) Spells: 11/21 levels left

rFire    . . .     SeeInvis .   m - +2 war axe (venom)
rCold    . . .     Gourm    .   (no shield)
rNeg     . . .     Faith    .   (helmet restricted)
rPois    .         Spirit   .   (no amulet)
rElec    .         Reflect  .   d - ring of stealth
rCorr    .         Harm     .   (no ring)
MR       .....                  (no ring)
Stlth    ++++......             (no ring)
HPRegen  0.15/turn              (no ring)
MPRegen  0.16/turn              (no ring)
                                (no ring)
                                (no ring)

@: icy armour, very slightly contaminated, slow
A: almost no armour, stealthy swim, amphibious, 8 rings, constrict 8, camouflage
1, gelatinous body 1
a: Potion Petition, Call Merchant, Bribe Branch, Renounce Religion


You were on level 8 of the Dungeon.
You worshipped Gozag.
Gozag was aware of your devotion.
You were not hungry.

You visited 2 branches of the dungeon, and saw 9 of its levels.

You collected 550 gold pieces.
You paid 62 gold pieces to Gozag.

Inventory:

Hand Weapons
 h - a +2 dagger of venom
 m - a +2 war axe of venom (weapon)
 q - a +2 hand axe of freezing
Jewellery
 d - a ring of stealth (left tentacle)
Scrolls
 e - 2 scrolls of enchant armour {unknown}
 f - 3 scrolls of remove curse
 i - 2 scrolls of immolation
 l - a scroll of random uselessness {unknown}
 o - 2 scrolls of fear {unknown}
 r - a scroll of torment {unknown}
 s - a scroll of magic mapping
 t - a scroll of noise {unknown}
Potions
 b - a potion of haste {unknown}
 g - 5 potions of degeneration
 j - a potion of curing {unknown}
 k - a potion of resistance
 n - a potion of lignification
 u - a potion of berserk rage
Books
 a - a book of Frost

   Spells                             Type                      Level
   a - Freeze                         Ice                          1
   b - Throw Frost                    Conjuration/Ice              2
   c - Ozocubu's Armour               Charms/Ice                   3
   d - Throw Icicle                   Conjuration/Ice              4
   e - Summon Ice Beast               Ice/Summoning                4
Comestibles
 c - 6 rations


   Skills:
 - Level 2.0 Dodging
 - Level 2.6 Stealth
 + Level 7.1 Spellcasting
 - Level 1.0 Conjurations
 - Level 7.0 Ice Magic


You had 11 spell levels left.
You knew the following spells:

 Your Spells              Type           Power        Failure   Level  Hunger
a - Freeze                Ice            ####         1%          1    None
b - Ozocubu's Armour      Chrm/Ice       ###.....     7%          3    #......
c - Throw Frost           Conj/Ice       ###...       2%          2    None
d - Throw Icicle          Conj/Ice       ###.....     17%         4    ###....


Dungeon Overview and Level Annotations

Branches:
Dungeon (8/15)             Temple (1/1) D:5
   Lair: D:8-11

Altars:
Ashenzari
Cheibriados
Dithmenos
Elyvilon
Fedhas
Gozag
Hepliaklqana
Kikubaaqudgha
Makhleb
Ru
Sif Muna
Trog
Uskayaw
Wu Jian
Xom
Zin
The Shining One

Annotations:
D:3 inc's ghost, amateur OpIE
D:4 Boondog's ghost, amateur MiFi


Innate Abilities, Weirdness & Mutations

You cannot wear most types of armour.
You are very stealthy in the water. (Stealth+)
You are amphibious.
You can wear up to eight rings at the same time.
You can use your tentacles to constrict eight enemies at once.
Your skin changes colour to match your surroundings (Stealth+).
Your rubbery body absorbs attacks. (AC +1, EV +1)


Message History

Casting: Ozocubu's Armour
Confirm with . or Enter, or press ? or * to list all spells.
Okay, then.
You slash the ice beast!
The ice beast is severely wounded.
The ice beast hits you but does no damage.
You barely miss the ice beast.
The ice beast is severely wounded.
The ice beast misses you. x2
You barely miss the ice beast.
The ice beast is severely wounded.
The ice beast hits you. The ice beast freezes you!
* * * LOW HITPOINT WARNING * * *
You hit the ice beast. Your squeeze misses the ice beast.
The ice beast is severely wounded.
The ice beast hits you.
* * * LOW HITPOINT WARNING * * *
The ice beast freezes you!
You die...
Your body crumbles into a pile of gold.

#.#.#...
#.#.#.. $
#.#.#.#
#.#.#.###
#.#<..#<#
#.#.#.#)#
#.#.###.##
#.#......#
#####@.#
#.....Y........
#..############


You could see an ice beast.

Vanquished Creatures
  An ice beast (D:5)
  A sky beast (D:6)
  2 ogres
  2 bullfrogs (D:6)
  A scorpion (D:4)
  5 crimson imps
  A hound (D:5)
  A quasit (D:7)
  A centaur zombie (D:6)
  An orc wizard (D:3)
  A bullfrog skeleton (D:4)
  6 worker ants
  A hound zombie (D:5)
  A hound skeleton (D:6)
  4 gnolls (D:6)
  3 adders
  An ooze (D:3)
  2 adder skeletons
  A worm (D:3)
  2 dart slugs
  3 leopard geckos
  4 orcs
  8 bats
  9 giant cockroaches
  10 hobgoblins
  8 jackals
  2 kobolds
  A quokka (D:4)
  4 frilled lizards
  6 goblins
  A leopard gecko skeleton (D:6)
  5 rats (D:2)
99 creatures vanquished.

Notes
Turn   | Place    | Note
-------+----------+-------------------------------------------
     0 | D:1      | inc the Octopode Ice Elementalist began the quest for the Orb.
     0 | D:1      | Reached XP level 1. HP: 11/11 MP: 3/3
    49 | D:1      | Reached XP level 2. HP: 16/17 MP: 0/5
   619 | D:1      | Reached XP level 3. HP: 20/21 MP: 0/6
   887 | D:2      | Found a sacrificial altar of Ru.
   995 | D:2      | Found a faded altar of an unknown god.
  1194 | D:2      | Reached XP level 4. HP: 24/27 MP: 7/7
  1391 | D:2      | You fall through a shaft for 2 floors!
  1535 | D:4      | Noticed an ogre
  1553 | D:4      | Reached skill level 5 in Ice Magic
  1567 | D:4      | Reached XP level 5. HP: 31/31 MP: 3/8
  1923 | D:4      | Killed an ogre
  1923 | D:4      | Reached XP level 6. HP: 8/36 MP: 0/9
  2183 | D:4      | Noticed Boondog's ghost (amateur MiFi)
  2268 | D:5      | Entered Level 5 of the Dungeon
  2470 | D:5      | Found a staircase to the Ecumenical Temple.
  2484 | Temple   | Entered the Ecumenical Temple
  2547 | Temple   | Became a worshipper of Gozag Ym Sagoz the Greedy
  2884 | D:5      | Reached XP level 7. HP: 34/41 MP: 6/12
  3529 | D:3      | Noticed inc's ghost (amateur OpIE)
  3998 | D:5      | Learned a level 3 spell: Ozocubu's Armour
  4001 | D:5      | Learned a level 2 spell: Throw Frost
  4006 | D:5      | Learned a level 4 spell: Throw Icicle
  4159 | D:6      | Reached skill level 5 in Spellcasting
  4416 | D:6      | Found a white marble altar of Elyvilon.
  4527 | D:6      | Reached XP level 8. HP: 36/46 MP: 13/16
  5436 | D:8      | Mangled by an ice beast

Skill      XL: |  1  2  3  4  5  6  7  8 |
---------------+-------------------------+-----
Ice Magic      | 4 5 6 7 |  7.0
Spellcasting   | 3 5 7 |  7.1
Dodging        | |  2.0
Stealth        | |  2.6
Conjurations   | |  1.0

Action                   |  1- 3 |  4- 6 |  7- 9 || total
-------------------------+-------+-------+-------++-------
Melee: Unarmed           |    20 |       |       ||    20
       Constrict         |    15 |     5 |     8 ||    28
       Tentacles         |     8 |     5 |     8 ||    21
       Dagger            |    40 |    23 |    31 ||    94
       War axe           |       |       |    29 ||    29
       Hand axe          |       |       |     2 ||     2
 Cast: Freeze            |    18 |    42 |    50 ||   110
       Throw Frost       |       |       |     3 ||     3
       Ozocubu's Armour  |       |       |     5 ||     5
  Use: Scroll            |       |     5 |     4 ||     9
       Potion            |       |       |     1 ||     1
 Stab: Sleeping          |     8 |     4 |     5 ||    17
  Eat: Chunk             |       |     3 |       ||     3
       Ration            |       |     1 |     3 ||     4
Armor: Skin              |    12 |     7 |    21 ||    40
Dodge: Dodged            |    51 |    49 |    86 ||   186
